Unix NetHack Version 3.7.0-88 Work-in-progress - last build Aug 6 2023 23:41:04 (5c9c4c7fffe0d5f0a8b1342c2a36a56ed743986a,branch:master). Game began 2023-08-10 21:12:47, ended 2023-08-20 17:00:06. Grasshopper, chaotic male elven Wizard --------- |.......| ------- |.......| ----- .....| |..)_...| |... 55 5 ---------))-- --------- |.......| ----- --..--------- |.......|...-- --...)...-- | |.".....| | .....-- --...|..)....| |.......|)$/.---..%.)%...--|.)----/---- .| .).....---.)..|..AHD))| |..._!..-..../-.....%[....||)............| ........)-.[)..+..%@..[| |)......|.)[.---.....)...-----...$.....--- .....)!)[---))..|.[D@...| |.......|...-- --.......-- -----[----- .....))-- --.).|.)..@..| ---------..-- ----.---- --.).)$..- ---.---- --..--------- ...| -...--------)).......--------...- |... ----- ...........|.....[.....|........... ----- ......%....--.....$...--........... ...........--...[...--/.?........ ............----|----........... ............./.(.............. -------------------------- Grasshopper the Mage St:25 Dx:17 Co:16 In:25 Wi:25 Ch:14 Chaotic Astral Plane $:241 HP:345(345) Pw:267(676) AC:-50 Exp:30 T:58017 Satiated Latest messages: What do you want to use or apply? [cioq-vxCJLO-RUW or ?*] o What do you want to write on? [w or ?*] w What type of scroll do you want to write? genocide l - an uncursed scroll of genocide. The high priestess of Thoth teleports. The invisible Death rises from the dead in a whirl of spectral skulls! You hit the invisible Death! Your hands no longer glow so brightly red. The invisible Death reaches out with its deadly touch. Lucky for you, it didn't work! The invisible Death reaches out with its deadly touch. You feel your life force draining away... The purple worm drops a mace. The purple worm drops a small shield. The purple worm drops a small shield. You hit the invisible Death! Your hands no longer glow so brightly red. You kill the invisible Death! The purple worm drops a long sword. The purple worm drops a long sword. The purple worm picks up a potion called fruit. The purple worm picks up a mace. The purple worm picks up a small shield. What do you want to read? [l or ?*] ? As you read the scroll, it disappears. What type of monster do you want to genocide? purple worm Wiped out all purple worms. The invisible K2 picks up a robe. The invisible Rocky drops a long sword. Pick an object. The invisible K2 picks up a scroll of teleportation. What do you want to use or apply? [cioq-vxCJLO-RUW or ?*] q You produce a strange whistling sound. Several creatures shift locations. A mysterious force prevents you from teleporting! What do you want to use or apply? [cioq-vxCJLO-RUW or ?*] q You produce a strange whistling sound. Several creatures shift locations. What do you want to sacrifice? [y or ?*] y You offer the Amulet of Yendor to Thoth... Thoth accepts your gift, and gains dominion over Anhur... Anhur is enraged... Fortunately, Thoth permits you to live... A cloud of orange smoke surrounds you... Do you want your possessions identified? [ynq] (y) y Do you want to see your attributes? [ynq] (y) y Do you want an account of creatures vanquished? [ynaq] (y) y Do you want a list of species genocided and extinct? [ynaq] (y) y Do you want to see your conduct and achievements? [ynq] (y) y Do you want to see the dungeon overview? [ynq] (y) y Inventory: Coins ('$') $ - 241 gold pieces Amulets ('"') h - an uncursed amulet of life saving (being worn) I - the blessed Eye of the Aethiopica Weapons (')') a - the blessed rustproof +2 Magicbane (weapon in hand) p - 20 blessed poisoned rustproof +7 darts named +7 (at the ready) z - 6 blessed +7 silver daggers named +7 Armor ('[') b - a blessed fireproof +4 robe (being worn) B - a blessed fireproof +4 pair of water walking boots (being worn) D - a blessed fireproof +4 small shield (being worn) G - a blessed rustproof +5 pair of gauntlets of power (being worn) H - a blessed tempered +5 helm of brilliance (being worn) S - a blessed +4 silver dragon scale mail (being worn) T - a blessed +5 Hawaiian shirt with a palm tree motif (being worn) Comestibles ('%') d - a blessed tripe ration f - a blessed cockatrice egg named 2 Wands ('/') v - an uncursed wand of undead turning (0:1) x - a blessed wand of slow monster (0:4) J - an uncursed wand of death named 1 (0:4) O - an uncursed wand of sleep (1:1) P - an uncursed wand of cold (1:13) Q - an uncursed wand of digging (0:2) R - an uncursed wand of teleportation (1:9) W - an uncursed wand of lightning named 1 (0:5) Rings ('=') e - a blessed +2 ring of protection (on right hand) m - an uncursed +7 ring of increase damage (on left hand) Potions ('!') k - 2 blessed potions of full healing Tools ('(') c - a blessed skeleton key i - a blessed greased bag of holding containing 127 items o - an uncursed magic marker (1:2) q - a blessed magic whistle r - a blessed magic harp named Stratocaster (0:5) s - an uncursed stethoscope t - a blessed wet towel u - a blessed +0 unicorn horn C - the uncursed Candelabrum of Invocation (7 of 7 candles, lit) L - an uncursed oil lamp named used U - a blessed oilskin sack named <<< CANCELLATION >>> containing 2 items Gems/Stones ('*') N - a blessed luckstone Contents of the bag of holding: an uncursed amulet of flying an uncursed amulet of guarding an uncursed amulet of magical breathing an uncursed amulet of unchanging 30 blessed poisoned rustproof +7 darts named +7 3 blessed +7 silver daggers named +7 a cursed rustproof +3 helm of telepathy an uncursed +1 cloak of magic resistance an uncursed +1 cloak of magic resistance a blessed fireproof +4 cloak of protection a blessed +2 mummy wrapping named +2 a cursed -1 mummy wrapping named C 3 uncursed magic lamps a blessed banana a blessed candy bar labeled "Om-nom" 2 uncursed carrots 2 blessed eucalyptus leaves 2 uncursed fortune cookies 4 uncursed K-rations 2 blessed lembas wafers an uncursed lembas wafer an uncursed lump of royal jelly 3 uncursed tripe rations 2 blessed cockatrice eggs named 2 2 blessed eggs named chook 2 uncursed eggs named chook a blessed scroll of blank paper 2 uncursed scrolls of blank paper 2 cursed scrolls of blank paper 3 blessed scrolls of charging 4 uncursed scrolls of create monster a cursed scroll of create monster 2 blessed scrolls of gold detection a blessed scroll of remove curse a blessed wand of cold (0:4) an uncursed wand of cold (0:8) an uncursed wand of cold (0:7) an uncursed wand of cold (0:6) an uncursed wand of cold (0:6) an uncursed wand of cold (1:4) an uncursed wand of cold named 1 (0:4) an uncursed wand of cold (0:1) a blessed wand of create monster (0:15) an uncursed wand of create monster (0:15) an uncursed wand of create monster (0:14) an uncursed wand of death (0:8) an uncursed wand of death (0:6) an uncursed wand of digging (0:8) an uncursed wand of digging (0:8) an uncursed wand of digging (0:7) an uncursed wand of digging (0:7) an uncursed wand of digging (0:7) an uncursed wand of fire (0:8) an uncursed wand of light (0:12) an uncursed wand of lightning (0:8) an uncursed wand of lightning (0:5) an uncursed wand of lightning (0:5) an uncursed wand of locking (1:4) an uncursed wand of magic missile (0:5) an uncursed wand of opening (0:6) an uncursed wand of polymorph (0:6) an uncursed wand of probing (0:4) an uncursed wand of secret door detection (0:14) an uncursed wand of sleep (0:3) an uncursed wand of sleep (3:8) an uncursed wand of sleep (0:8) an uncursed wand of sleep (0:6) an uncursed wand of sleep named 1 (0:6) an uncursed wand of speed monster (0:7) an uncursed wand of speed monster (0:7) an uncursed wand of speed monster (0:6) an uncursed wand of speed monster (0:5) an uncursed wand of speed monster (0:5) an uncursed wand of speed monster (0:4) an uncursed wand of striking (0:7) an uncursed wand of striking (0:8) an uncursed wand of teleportation named 1 (0:2) an uncursed wand of teleportation (1:1) an uncursed wand of teleportation named 4 (0:1) an uncursed wand of undead turning (0:6) an uncursed wand of wishing (1:0) an uncursed +1 ring of adornment an uncursed ring of conflict a blessed ring of free action a blessed +3 ring of gain constitution an uncursed ring of hunger a blessed +5 ring of increase damage an uncursed +4 ring of increase damage an uncursed ring of invisibility named nc an uncursed ring of levitation an uncursed ring of polymorph an uncursed ring of polymorph control an uncursed ring of protection from shape changers an uncursed ring of regeneration an uncursed ring of searching an uncursed ring of teleport control an uncursed potion of blindness an uncursed potion of polymorph 3 potions of holy water a potion of unholy water an uncursed sack named LOOOOT Do not remove! containing 1 item an uncursed tooled horn an uncursed magic marker (1:37) an uncursed magic marker (1:26) a blessed oil lamp 7 uncursed wax candles 4 uncursed amber stones an uncursed amethyst stone 2 uncursed amethyst stones 3 uncursed black opals an uncursed chrysoberyl stone an uncursed citrine stone 2 uncursed diamonds an uncursed dilithium crystal an uncursed emerald an uncursed fluorite stone 2 uncursed fluorite stones an uncursed jacinth stone 2 uncursed jasper stones an uncursed jet stone 5 uncursed obsidian stones 2 uncursed opals 4 uncursed rubies an uncursed sapphire 3 uncursed topaz stones 2 uncursed turquoise stones an uncursed luckstone Contents of the sack named LOOOOT Do not remove!: an uncursed sack named 6 containing 1 item Contents of the sack named 6: an uncursed sack named 5 containing 1 item Contents of the sack named 5: an uncursed sack named 4 containing 1 item Contents of the sack named 4: an uncursed sack named 3 containing 1 item Contents of the sack named 3: an uncursed sack named 2 containing 1 item Contents of the sack named 2: an uncursed sack named 1 containing 1 item Contents of the sack named 1: a blessed bag of holding named LOOOT containing 22 items Contents of the bag of holding named LOOOT: 30 uncursed agate stones 7 uncursed amber stones 27 uncursed amethyst stones 8 uncursed aquamarine stones 23 uncursed black opals 24 uncursed chrysoberyl stones 33 uncursed citrine stones 7 uncursed diamonds 5 uncursed dilithium crystals 27 uncursed emeralds 15 uncursed fluorite stones 15 uncursed garnet stones 3 uncursed jacinth stones 18 uncursed jade stones 26 uncursed jasper stones 18 uncursed jet stones 20 uncursed obsidian stones 7 uncursed opals 16 uncursed rubies 13 uncursed sapphires 15 uncursed topaz stones 16 uncursed turquoise stones Contents of the oilskin sack named <<< CANCELLATION >>>: an uncursed scroll of scare monster an uncursed wand of cancellation named 1 (0:5) Grasshopper the Wizard's attributes: Background: You were a Mage, a level 30 male elven Wizard. You were chaotic, on a mission for Anhur who was opposed by Ptah (lawful) and Thoth (neutral). You were in the endgame, on the Astral Plane. You entered the dungeon 58017 turns ago. You had 100048651 experience points. Basics: You had all 345 hit points. You had 267 out of 676 energy points (spell power). Your armor class was -50. Your wallet contained 241 zorkmids. Autopickup was on for '$"%?+/=!*' plus thrown, with exceptions. Final Characteristics: Your strength was 25 (base:18, innate limit:18). Your dexterity was 17 (peak:18, limit:18). Your constitution was 16 (limit:16). Your intelligence was 25 (base:20, innate limit:20). Your wisdom was 25 (base:20, innate limit:20). Your charisma was 14 (limit:18). Final Status: You were satiated. You were unencumbered. You were wielding a dagger. You had expert skill with dagger. Final Attributes: You were the Glory of Arioch. You were piously aligned. You were magic-protected. You were fire resistant. You were cold resistant. You were sleep resistant. You were disintegration resistant. You were shock resistant. You were poison resistant. You saw invisible. You were telepathic. You were warned. You had infravision. You would have confused monsters when hitting them. You were stealthy. You aggravated monsters. You could teleport. You had teleport control. You could walk on water. You had a large damage bonus (+7). You had a large defense bonus (+14). You were protected. You took half spell damage. You were very fast. You had reflection. Your life would have been saved. You were extremely lucky. You had extra luck. Good luck did not time out for you. You survived. Miscellaneous: You never encountered a bones level. Total elapsed playing time was 2 days, 14 hours, 19 minutes and 18 seconds. Major events: Turn 1: Grasshopper the chaotic male elven Wizard entered the dungeon 1123: entered the Gnomish Mines 1124: attained the rank of Conjurer (level 3) 1972: reached Mine Town 2304: was bestowed with Magicbane by Anhur 2506: attained the rank of Thaumaturge (level 6) 5940: was bestowed with Orcrist by Anhur 9318: acquired the Mines' End luckstone 10685: was bestowed with Trollsbane by Anhur 13028: the Oracle has been killed 13030: attained the rank of Magician (level 10) 14429: entered Sokoban 14691: completed 1st Sokoban level 15240: completed 2nd Sokoban level 15486: completed 3rd Sokoban level 16372: completed 4th Sokoban level 16586: acquired the Sokoban bag of holding 19534: Cubask, the hardware store proprietor, has been killed 19556: Tegal, the delicatessen proprietor, has been killed 26974: was chosen to take lives for the Glory of Anhur 26974: was bestowed with spellbook of finger of death 28291: attained the rank of Enchanter (level 14) 30349: killed the Dark One 30350: found the Eye of the Aethiopica on the floor 30356: acquired the Bell of Opening 33905: made his first wish - "blessed fireproof +5 boots of water walking", got "a pair of combat boots" 34521: entered Gehennom 35199: killed Croesus 38195: attained the rank of Sorcerer (level 18) 40052: wished for "uncursed magic marker", got "a magic marker" 40893: wished for "blessed greased tempered +5 helm of brilliance", got "a greased crystal helmet" 42870: attained the rank of Necromancer (level 22) 45895: killed Juiblex 46807: killed Asmodeus 47476: performed his first genocide (class m) 47532: killed Orcus 47568: killed Baalzebub 49550: wished for "uncursed magic marker", got "a magic marker" 50701: wished for "uncursed magic marker", got "a magic marker" 51282: was bestowed with Ogresmasher by Anhur 52563: destroyed Vlad the Impaler 52582: acquired the Candelabrum of Invocation 53543: killed Medusa 53939: killed the Wizard of Yendor 53945: acquired the Book of the Dead 54015: performed the invocation 54077: killed the Wizard of Yendor (2nd time) 54299: killed the high priest of Moloch 54302: acquired The Amulet of Yendor 54332: attained the rank of Wizard (level 26) 54857: genocided class L 56584: attained the rank of Mage (level 30) 56614: wished for "uncursed magic marker", got "a magic marker" 56624: wished for "uncursed magic marker", got "a magic marker" 57282: entered the Elemental Planes 57282: entered Plane of Earth 57283: killed the Wizard of Yendor (3rd time) 57491: entered Plane of Air 57563: entered Plane of Fire 57678: entered Plane of Water 57681: genocided class ; 57781: entered the Astral Plane 57798: wished for "blessed fireproof magic harp named Stratocaster", got "a harp named Stratocaster" 57824: killed Pestilence 57838: killed Pestilence (2nd time) 57863: killed Pestilence (3rd time) 57885: killed Famine 57898: killed Famine (2nd time) 57930: killed Famine (3rd time) 57978: killed the invisible Death 58000: killed the invisible Death (2nd time) 58011: killed the invisible Death (3rd time) 58012: genocided purple worms 58017: escaped Vanquished creatures: Asmodeus Baalzebub Orcus Juiblex the Wizard of Yendor (thrice) Death (thrice) Pestilence (thrice) Famine (thrice) Vlad the Impaler 5 arch-liches a high cleric 3 mastodons Medusa Croesus 17 krakens an Archon 4 iron golems 2 master liches 3 ki-rin 6 storm giants 6 glass golems 5 balrogs 27 purple worms 5 gray dragons a gold dragon 17 silver dragons 6 red dragons 3 white dragons 3 orange dragons 6 black dragons 3 blue dragons 4 green dragons a yellow dragon 33 minotaurs 5 jabberwocks the Dark One 6 baluchitheria 34 Angels 9 demiliches 7 stone golems 4 master mind flayers 5 Olog-hai 4 Nazgul 7 pit fiends 4 sandestins 4 hell hounds 3 displacer beasts 7 titanotheres 12 trappers a baby black dragon a guardian naga 6 genetic engineers 5 disenchanters 35 vampire leaders 5 skeletons 2 shopkeepers 2 prisoners the Oracle 41 aligned clerics 7 captains 6 shades 11 liches 4 clay golems 7 nurses 9 ice devils 4 nalfeshnees 8 lurkers above 7 Aleaxes a frost giant 8 ettins 4 golden nagas 22 black puddings 33 vampires 12 lieutenants 2 watch captains 41 ghosts a healer a rogue a samurai a tourist a wizard a queen bee 5 winged gargoyles 4 mind flayers 11 giant mimics 9 long worms 15 zruties 8 fire giants 12 ogre tyrants 6 ice trolls 9 rock trolls 9 umber hulks 10 flesh golems 9 elven monarchs 2 doppelgangers 7 hezrous 12 bone devils 5 large mimics 6 wumpuses 5 fire vortices 2 baby purple worms 11 couatls 14 stalkers 13 air elementals 20 fire elementals 13 earth elementals 15 water elementals 3 hill giants 8 giant mummies 3 black nagas 20 xorns 14 giant zombies 14 elf-nobles 31 sergeants a water demon 7 barbed devils 6 vrocks 4 salamanders 10 wargs 3 winter wolves 9 hell hound pups 15 small mimics 8 glass piercers 7 warhorses 11 steam vortices 19 xans 7 ettin mummies 10 ogre leaders 14 quantum mechanics 22 trolls 2 sasquatches 2 wood golems 3 erinyes 4 mariliths a djinni 8 sharks 14 electric eels 10 gelatinous cubes 7 pyrolisks 2 large dogs 4 freezing spheres a flaming sphere 5 shocking spheres 6 large cats 14 tigers 12 gargoyles 2 dwarf rulers 12 tengu 12 ochre jellies 9 leocrottas 6 energy vortices 4 mountain centaurs 7 stone giants 7 human mummies 5 red nagas a green slime 6 pythons 5 pit vipers 14 cobras 58 wraiths 5 carnivorous apes 18 ettin zombies 2 leather golems 8 Grey-elves 120 soldiers 2 watchmen 15 amorous demons 5 horned devils 7 chameleons 4 crocodiles 16 giant beetles 6 quivering blobs 16 cockatrices 14 wolves 3 winter wolf cubs 4 lynxes 5 panthers 71 gremlins 9 spotted jellies 15 leprechauns 3 orc-captains 3 iron piercers 6 mumakil 18 giant spiders 12 scorpions 10 horses 3 ice vortices 7 black lights 60 vampire bats 7 forest centaurs 7 gnome rulers 7 orc mummies 8 dwarf mummies 7 ogres 8 brown puddings 13 rust monsters 14 owlbears 10 yetis 2 gold golems 3 werewolves 6 Green-elves 6 piranha 25 giant eels 19 lizards 3 chickatrices 2 dingoes 3 dogs 3 housecats 6 jaguars 3 dwarf leaders 10 blue jellies 10 white unicorns a gray unicorn a black unicorn 13 dust vortices 22 ravens 8 plains centaurs 4 gnome mummies 5 snakes 7 water moccasins 10 apes 23 human zombies 5 rope golems 7 Woodland-elves 12 soldier ants 13 fire ants 28 bugbears 6 imps 12 lemures 11 quasits 6 wood nymphs 4 water nymphs 4 mountain nymphs 29 Mordor orcs 13 Uruk-hai 6 orc shamans 14 rock piercers 11 rock moles 2 ponies 10 fog clouds 17 yellow lights 3 shriekers 8 violet fungi 20 gnome leaders 8 gnomish wizards 6 kobold mummies a guardian naga hatchling 10 gray oozes 6 barrow wights 19 elf zombies 14 ghouls 6 straw golems a paper golem 8 jellyfish a baby crocodile 14 giant ants a little dog 13 floating eyes 6 kittens 25 dwarves 14 homunculi 6 kobold leaders 7 kobold shamans 30 hill orcs 24 rothes 2 rabid rats 3 centipedes 12 giant bats 3 monkeys 23 orc zombies 13 dwarf zombies 2 wererats 5 werejackals 11 iguanas 15 killer bees 18 acid blobs 6 coyotes 7 gas spores 9 hobbits 12 manes 4 large kobolds 29 hobgoblins 10 giant rats 20 cave spiders 3 brown molds 5 yellow molds 3 green molds 2 red molds 63 gnomes a Keystone Kop 32 garter snakes 20 gnome zombies 13 geckos 10 jackals a fox a kobold 6 goblins 9 sewer rats 4 grid bugs 15 bats 8 lichens 23 kobold zombies 14 newts 2946 creatures vanquished. Genocided or extinct species: arch-liches krakens master liches purple worms demiliches liches giant mimics large mimics small mimics erinyes (extinct) sharks electric eels soldiers (extinct) piranha giant eels jellyfish 14 species genocided. 2 species extinct. Voluntary challenges: You read items or engraved 280 times. You never engraved Elbereth. You genocided 14 types of monsters. You used 8 wishes. You did not wish for any artifacts. You did not violate any of the special Sokoban rules. Achievements: You entered the Gnomish Mines. You attained the rank of Conjurer. You entered a shop. You entered Minetown. You entered a temple. You attained the rank of Thaumaturge. You completed the Gnomish Mines. You attained the rank of Magician. You entered Sokoban. You completed Sokoban. You attained the rank of Enchanter. You handled the Bell of Opening. You entered Gehennom. You attained the rank of Sorcerer. You attained the rank of Necromancer. You had the Candelabrum of Invocation. You defeated Medusa. You handled the Book of the Dead. You gained access to Moloch's Sanctum. You had obtained the Amulet of Yendor. You attained the rank of Wizard. You attained the rank of Mage. You reached the Elemental Planes. You reached the Astral Plane. The Elemental Planes: Astral Plane: <- You left from here. Many temples. Plane of Water: Plane of Fire: Plane of Air: Plane of Earth: The Dungeons of Doom: levels 1 to 28 Level 1: One way stairs up to The Elemental Planes. Level 2: A fountain. Level 3: "stash in chest near up, shop, ice" A general store. Stairs down to The Gnomish Mines. Level 4: Level 5: An altar to Anhur. Level 6: Level 7: "stash near down" Level 8: Level 9: "Oracle" Oracle of Delphi. Level 10: Stairs up to Sokoban, level 9. Level 11: Level 12: Portal to Fort Ludios. Level 13: Level 14: Level 15: A primitive area. Portal to The Quest. Level 16: "LAIR" An armor shop, an altar to Anhur, a fountain. Level 17: A fountain. Level 18: An altar, a fountain. Level 19: Some fountains. Level 20: "lp poly c" Level 21: "lp" An altar to Anhur. Level 22: "v lp" Level 23: "lp" A fountain. Level 24: A fountain. Level 25: A temple, a fountain. Level 26: "Medusa poly" Level 27: Level 28: "LOOOOT $$ c" A fountain. The castle. Connection to Gehennom. Gehennom: levels 29 to 52 Level 29: "ice" A temple, many graves. Valley of the Dead. Level 30: Level 31: "c" Level 32: Level 33: Level 34: "Asmo" Level 35: "poly c" Level 36: "Baalz lp" Level 37: Level 38: "Orcus c" Some shops, an altar, some graves. Level 39: "lp" Level 40: Stairs up to Vlad's Tower, level 39. Level 41: Level 42: Level 43: "Rodders" Level 44: Level 45: "wiz bottom c poly" Level 46: "c L" Level 47: "wiz portal c" Level 48: Level 49: "lp" Level 50: "lp" Level 51: Level 52: A temple, many graves. Moloch's Sanctum. The Gnomish Mines: levels 4 to 11 Level 4: Level 5: Level 6: "MT" Many shops, a temple to Anhur, some fountains, some trees. Level 7: Level 8: Level 9: Level 10: "poly" Level 11: "ME lp" Some fountains. The Quest: levels 1 to 5 Level 1: Completed quest for Neferet the Green. Level 2: Level 3: "poly" Level 4: Level 5: "poly" A temple to Anhur. Sokoban: levels 9 up to 6 Level 6: Solved. Level 7: Solved. Level 8: Solved. Level 9: Solved. Fort Ludios: Level 1: Vlad's Tower: levels 39 up to 37 Level 37: Level 38: Level 39: Goodbye Grasshopper the Wizard... You and the ettin and the invisible K2 and the invisible Rocky and the invisible guardian Angel of Anhur and the invisible Frank escaped from the dungeon with 2125636 points, Magicbane (worth 3500 zorkmids and 8750 points) The Candelabrum of Invocation (worth 5000 zorkmids and 12500 points) The Eye of the Aethiopica (worth 4000 zorkmids and 10000 points) 34 citrine stones (worth 51000 zorkmids), 30 amethyst stones (worth 18000 zorkmids), 30 agate stones (worth 6000 zorkmids), 28 emeralds (worth 70000 zorkmids), 28 jasper stones (worth 14000 zorkmids), 26 black opals (worth 65000 zorkmids), 25 chrysoberyl stones (worth 17500 zorkmids), 25 obsidian stones (worth 5000 zorkmids), 20 rubies (worth 70000 zorkmids), 19 jet stones (worth 16150 zorkmids), 18 turquoise stones (worth 36000 zorkmids), 18 topaz stones (worth 16200 zorkmids), 18 fluorite stones (worth 7200 zorkmids), 18 jade stones (worth 5400 zorkmids), 15 garnet stones (worth 10500 zorkmids), 14 sapphires (worth 42000 zorkmids), 11 amber stones (worth 11000 zorkmids), 9 diamonds (worth 36000 zorkmids), 9 opals (worth 7200 zorkmids), 8 aquamarine stones (worth 12000 zorkmids), 6 dilithium crystals (worth 27000 zorkmids), 4 jacinth stones (worth 13000 zorkmids), 1 amulet of life saving (worth 150 zorkmids), 1 amulet of unchanging (worth 150 zorkmids), 1 amulet of magical breathing (worth 150 zorkmids), 1 amulet of guarding (worth 150 zorkmids), 1 amulet of flying (worth 150 zorkmids), and 241 pieces of gold, after 58017 moves. You were level 30 with a maximum of 345 hit points when you escaped.